Map: Site Delta LE

Players

Axiom

  • Race: Zerg Zerg
  • League: Master
  • Spawn Location: 5:00

ReSpOnSe - Winner!

  • Race: Protoss Protoss
  • League: Master
  • Spawn Location: 11:00

VOD

Have the link to the VOD?

Description

Time

  • Played on: Dec. 22, 2023, 10:45 p.m.
  • Length: 11:23
Show
View Real Time Build Order
Export as new Build Order

Axiom Zerg 

Build Orders: Hatch First 

Get SALT Encoding   

  12  0:00  Drone  
  13  0:12  Overlord  
  13  0:18  Drone  
  14  0:30  Drone x2  
  16  0:48  Hatchery  
  15  0:51  Drone  
  15  0:55  Drone  
  17  0:59  Drone  
  18  1:09  Extractor  
  17  1:13  Spawning Pool  
  17  1:17  Drone  
  17  1:19  Drone  
  18  1:33  Drone  
  19  1:42  Drone  
  20  1:49  Overlord  
  20  2:00  Queen x2  
  20  2:01  Zergling x2  
  25  2:03  Drone  
  26  2:11  Drone x2  
  28  2:23  Metabolic Boost  
  28  2:24  Drone x2  
  30  2:37  Hatchery  
  30  2:43  Drone  
  30  2:44  Drone x3  
  33  2:49  Queen  
  35  2:54  Overlord  
  35  2:57  Drone  
  36  3:04  Overlord  
  36  3:14  Drone x4  
  36  3:19  Overlord  
  40  3:24  Queen  
  42  3:29  Spore Crawler  
  42  3:30  Spore Crawler  
  42  3:32  Queen  
  42  3:33  Drone  
  43  3:42  Drone x2  
  43  3:45  Drone  
  46  3:53  Queen  
  48  4:01  Zergling x16  
  55  4:13  Lair  
  55  4:17  Overlord  
  55  4:18  Overlord  
  55  4:19  Drone x2  
  57  4:29  Drone  
  58  4:37  Overlord  
  59  4:38  Drone x3  
  59  4:39  Drone x4  
  63  4:54  Extractor  
  63  4:55  Drone x4, Baneling Nest  
  63  4:57  Evolution Chamber x2  
  63  5:03  Drone  
  63  5:04  Drone  
  65  5:09  Drone  
  65  5:13  Drone x6, Roach Warren, Hatchery  
  70  5:17  Overseer  
  70  5:23  Zerg Missile Weapons Level 1  
  70  5:25  Drone x3  
  73  5:30  Drone  
  73  5:31  Extractor  
  73  5:35  Drone x3  
  76  5:36  Drone x3  
  76  5:38  Drone x2, Extractor  
  76  5:39  Extractor  
  76  5:40  Extractor  
  76  5:41  Overlord x2  
  78  5:45  Drone x3  
  79  6:01  Drone  
  79  6:02  Drone x3  
  79  6:03  Roach x7  
  96  6:37  Overlord  
  96  6:38  Overlord x2  
  94  6:40  Zerg Melee Weapons Level 1  
  94  6:41  Centrifugal Hooks  
  94  6:42  Glial Reconstitution  
  93  6:49  Spire  
  89  6:54  Overlord x2  
  89  6:55  Queen x4, Overlord x8  
  85  7:24  Zerg Ground Armor Level 1  
  85  7:27  Drone  
  85  7:28  Infestation Pit, Drone x2  
  85  7:29  Drone x19  
  106  7:39  Zergling x8  
  110  7:44  Overseer x2  
  110  7:49  Extractor  
  109  7:52  Spore Crawler  
  109  7:53  Extractor  
  109  7:57  Drone x2, Spine Crawler  
  109  7:58  Drone x4, Spore Crawler, Spine Crawler x2  
  108  8:00  Spore Crawler, Zerg Flyer Armor Level 1  
  108  8:01  Corruptor x2  
  108  8:05  Baneling x8  
  112  8:25  Hive  
  112  8:37  Zerg Melee Weapons Level 2  
  112  8:38  Overlord x2  
  112  8:39  Corruptor x5  
  122  8:53  Hatchery  
  122  8:54  Hatchery  
  120  8:59  Roach x8  
  120  9:00  Roach x6  
  148  9:16  Roach x5  
  158  9:17  Overlord  
  158  9:18  Corruptor x2, Overlord  
  162  9:42  Corruptor x6  
  162  9:43  Corruptor  
  176  9:57  Extractor  
  175  10:03  Extractor, Corruptor  
  175  10:04  Corruptor x2  
  172  10:24  Corruptor x4  
  172  10:28  Zergling x20  
  174  10:29  Zergling x30  
  130  10:54  Zergling x24  
  130  10:55  Zergling x12  
Show
View Real Time Build Order
Export as new Build Order

ReSpOnSe Protoss - Winner!

Build Orders: 1 Gate Expand, Zealot Archon 

Get SALT Encoding   

  12  0:00  Probe  
  13  0:12  Probe  
  14  0:23  Pylon  
  14  0:24  Probe  
  15  0:41  Probe (Chrono Boost)  
  16  0:44  Gateway  
  17  0:50  Probe (Chrono Boost)  
  17  0:51  Assimilator  
  17  0:55  Probe (Chrono Boost)  
  18  1:07  Probe  
  19  1:19  Probe  
  20  1:31  Nexus  
  20  1:32  Probe  
  21  1:37  Cybernetics Core  
  21  1:44  Probe  
  21  1:46  Assimilator  
  22  1:53  Pylon  
  22  1:56  Probe  
  23  2:11  Probe  
  23  2:15  Stalker  
  26  2:23  Probe  
  26  2:27  Stargate  
  27  2:36  Gateway, Probe (Chrono Boost)  
  28  2:39  Warp Gate  
  28  2:43  Probe (Chrono Boost)  
  29  2:48  Probe (Chrono Boost)  
  29  2:49  Adept  
  32  2:52  Probe (Chrono Boost)  
  32  2:54  Probe (Chrono Boost)  
  34  2:58  Probe  
  34  3:03  Probe  
  36  3:08  Shield Battery  
  36  3:10  Probe  
  37  3:15  Probe  
  42  3:23  Void Ray (Chrono Boost)  
  42  3:26  Probe  
  43  3:27  Probe  
  44  3:40  Nexus  
  44  3:42  Probe  
  45  3:49  Pylon  
  45  3:52  Probe  
  46  3:56  Assimilator  
  46  3:57  Assimilator  
  46  4:07  Probe (Chrono Boost)  
  48  4:10  Fleet Beacon  
  48  4:11  Probe (Chrono Boost)  
  49  4:17  Stargate  
  49  4:18  Probe (Chrono Boost)  
  49  4:22  Probe (Chrono Boost)  
  49  4:23  Shield Battery, Probe (Chrono Boost)  
  51  4:31  Probe  
  51  4:34  Forge  
  51  4:35  Pylon  
  51  4:36  Probe  
  53  4:43  Probe  
  54  4:51  Probe, Protoss Air Weapons Level 1 (Chrono Boost), Pylon  
  55  4:56  Probe  
  62  5:01  Probe  
  62  5:04  Carrier (Chrono Boost), Probe  
  64  5:13  Probe x2  
  66  5:14  Carrier (Chrono Boost)  
  72  5:22  Photon Cannon  
  72  5:25  Probe x2  
  74  5:29  Protoss Ground Weapons Level 1  
  74  5:30  Pylon  
  74  5:37  Twilight Council  
  74  5:38  Probe  
  74  5:39  Probe  
  74  5:40  Pylon, Probe  
  77  5:52  Probe  
  77  5:54  Probe x2  
  77  5:55  Assimilator  
  86  6:04  Carrier (Chrono Boost), Probe  
  86  6:07  Assimilator, Pylon  
  87  6:14  Probe x2  
  87  6:18  Gateway x2  
  89  6:20  Templar Archives, Probe  
  90  6:26  Probe x2  
  91  6:32  Probe  
  91  6:38  Probe x2  
  92  6:42  Charge  
  92  6:43  Robotics Facility  
  92  6:44  Nexus  
  92  6:45  Probe  
  93  6:49  Pylon  
  93  6:51  Probe x2  
  95  6:57  Probe  
  96  7:09  Probe x3  
  99  7:18  Nexus  
  99  7:19  Protoss Air Weapons Level 2  
  99  7:21  Photon Cannon, Shield Battery  
  99  7:24  High Templar  
  99  7:25  High Templar x3  
  99  7:28  Probe  
  108  7:33  Assimilator, Pylon  
  108  7:35  Immortal  
  112  7:37  Assimilator, Probe  
  112  7:39  Archon x2  
  113  7:44  Pylon  
  113  7:45  Pylon  
  113  7:48  Protoss Ground Weapons Level 2 (Chrono Boost)  
  113  7:56  Carrier (Chrono Boost), Gateway  
  113  7:57  Gateway, Probe  
  120  8:01  Pylon x2  
  120  8:10  Carrier (Chrono Boost), Pylon  
  120  8:16  Pylon  
  126  8:22  Immortal  
  130  8:30  Gateway  
  130  8:31  Gateway  
  130  8:33  High Templar x2  
  134  8:36  Gateway  
  134  8:37  Archon  
  134  8:39  Gateway  
  134  8:43  Gateway  
  134  8:44  Gateway  
  134  8:50  High Templar x2  
  138  8:56  Immortal (Chrono Boost)  
  138  8:57  Archon  
  142  9:07  Gateway  
  142  9:08  Gateway x2  
  142  9:10  Gateway  
  142  9:16  Gateway  
  142  9:17  Pylon  
  142  9:18  Pylon  
  142  9:20  Warp Prism (Chrono Boost)  
  142  9:25  High Templar  
  142  9:26  High Templar  
  142  9:27  High Templar x2  
  142  9:28  Zealot  
  142  9:29  Zealot  
  156  9:31  Archon  
  156  9:32  Archon  
  156  9:41  High Templar x2, Zealot  
  156  9:42  Zealot x3  
  168  9:46  Pylon  
  168  9:51  Archon  
  168  9:52  Observer (Chrono Boost)  
  169  10:00  High Templar x2  
  169  10:01  Zealot x6  
  169  10:02  Zealot x2  
  169  10:05  Archon  
  189  10:13  Photon Cannon  
  189  10:16  Nexus  
  179  10:26  High Templar  
  179  10:27  High Templar  
  179  10:28  High Templar x2, Zealot  
  177  10:29  Zealot x5  
  177  10:32  Archon  
  177  10:34  Zealot x2, Archon  
  183  10:39  Zealot x2  
  161  10:55  High Templar x3  
  161  10:56  High Templar, Zealot  
  161  10:57  Zealot x6  
  163  11:00  Archon x2  
  171  11:07  Zealot x5  
Tags
 
Add a new tag
Caveats
  • Supply blocks, unpowered buildings, or Contaminate may cause inaccurate times.
  • Supply counts are checked every 10 seconds.